 Dungeon Crawl Stone Soup version 0.26-a0-28-gc929df5585 (webtiles) character file.

Game seed: 2938539103910148440, levelgen mode: deterministic

9902 ICC the Carver (level 11, -24/53 HPs)
             Began as a Vine Stalker Fighter on May 28, 2020.
             Was a Priest of Wu Jian.
             Killed from afar by Essalna's ghost (25 damage)
             ... with a blast of rock fragments
             ... on level 10 of the Dungeon.
             The game lasted 00:41:50 (7025 turns).

ICC the Carver (Vine Stalker Fighter)               Turns: 7025, Time: 00:41:51

Health: -24/53     AC: 13    Str: 26    XL:     11   Next: 53%
Magic:  0/24       EV:  9    Int: 10    God:    Wu Jian [***...]
Gold:   569        SH: 13    Dex: 14    Spells: 26/26 levels left

rFire    + + +     SeeInvis +   w - +7 rapier "Xytorcham" {flame, +Blink rF+++ rC+ SInv}
rCold    + . .     Gourm    .   D - +1 kite shield of the Gloaming {*Contam MR++}
rNeg     . . .     Faith    .   C - +0 chain mail
rPois    .         Spirit   +   (no helmet)
rElec    .         Reflect  .   (no cloak)
rCorr    .         Harm     .   c - +0 pair of gloves
MR       ++++.                  n - +2 pair of boots
Stlth    ..........             v - amulet of the acrobat
HPRegen  0.57/turn              m - ring of protection from magic
MPRegen  0.19/turn              o - +6 ring of strength

@: mighty
A: fangs 3, regeneration 1, magic shield, antimagic bite, no potion heal 3, rot
immunity
a: Wall Jump, Serpent's Lash, Renounce Religion, Evoke Blink


You were on level 10 of the Dungeon.
You worshipped Wu Jian.
Wu Jian was most pleased with you.
You were not hungry.

You visited 2 branches of the dungeon, and saw 11 of its levels.
You also visited: Sewer.

You collected 650 gold pieces.
You spent 81 gold pieces at shops.

Inventory:

Hand Weapons
 w - the +7 rapier "Xytorcham" (weapon) {flame, +Blink rF+++ rC+ SInv}
   (You found it on level 9 of the Dungeon)

   It has been specially enchanted to burn those struck by it, causing extra
   injury to most foes and up to half again as much damage against particularly
   susceptible opponents.
   It renders you almost immune to fire.
   It protects you from cold.
   It lets you see invisible.
   It lets you blink.
Armour
 c - a +0 pair of gloves (worn)
 n - a +2 pair of boots (worn)
 B - a +1 tower shield of cold resistance
 C - a +0 chain mail (worn)
 D - the +1 kite shield of the Gloaming (worn) {*Contam MR++}
   (You found it on level 6 of the Dungeon)

   It affects your resistance to hostile enchantments.
   It causes magical contamination when unequipped.
Jewellery
 m - a ring of protection from magic (left hand)
 o - a +6 ring of strength (right hand)
 v - an amulet of the acrobat (around neck)
Wands
 s - a wand of flame (12)
 E - a wand of polymorph (8)
 F - a wand of paralysis (9)
Scrolls
 b - 5 scrolls of magic mapping
 e - a scroll of enchant weapon
 g - a scroll of enchant armour
 i - 2 scrolls of fear
 l - 7 scrolls of teleportation
 p - 3 scrolls of remove curse
 r - 5 scrolls of identify
 x - 3 scrolls of immolation
 y - 2 scrolls of fog
 G - a scroll of blinking
Potions
 a - a potion of invisibility
 d - 4 potions of might
 h - 4 potions of curing
 k - a potion of stabbing
 q - 2 potions of lignification {unknown}
 t - a potion of haste
 u - 4 potions of brilliance
 z - 2 potions of mutation {unknown}
 A - 2 potions of resistance {unknown}
Comestibles
 f - 20 rations
 j - a chunk of flesh


   Skills:
 - Level 4.0 Fighting
 + Level 5.3(7.9) Short Blades
   Level 9.1(9.7) Long Blades
 - Level 4.0 Armour
 - Level 4.0 Dodging
 + Level 8.4 Shields
 - Level 8.0 Spellcasting


You had 26 spell levels left.
You didn't know any spells.
Your spell library contained the following spells:

 Spells                   Type           Power        Failure   Level  Hunger
 Sandblast                Erth           #.....       94%         1    None
 Passwall                 Tmut/Erth      #.......     98%         2    #......
 Stone Arrow              Conj/Erth      #.....       100%        3    ###....
 Cause Fear               Hex            #.........   100%        4    ####...
 Petrify                  Tmut/Erth      #.......     100%        4    ####...
 Lee's Rapid Deconstruct  Erth           #.........   100%        5    ######.
 Silence                  Hex/Air        #.........   100%        5    ######.
 Yara's Violent Unravell  Hex/Tmut       #.........   100%        5    ######.
 Discord                  Hex            #.........   100%        8    #######


Dungeon Overview and Level Annotations

Branches:
Dungeon (10/15)            Temple (1/1) D:6            Lair (0/6) D:8
  Sewer (visited)
    Orc: D:9-12

Altars:
Ashenzari
Cheibriados
Dithmenos
Elyvilon
Fedhas
Gozag
Hepliaklqana
Kikubaaqudgha
Makhleb
Nemelex Xobeh
Okawaru
Qazlal
Ru
Sif Muna
Uskayaw
Vehumet
Wu Jian
Xom
Yredelemnul
Zin
The Shining One

Shops:
D:5 *

Annotations:
D:10 Essalna's ghost, journeyman GrEE; Ocherednoy's ghost, journeyman MiFi


Innate Abilities, Weirdness & Mutations

You have razor-sharp teeth.
Your natural rate of healing is unusually fast.
When hurt, damage is shared between your health and your magic reserves.
Your bite disrupts and absorbs the magic of your enemies.
Potions cannot restore your health.
You are immune to rotting.


Message History

Essalna's ghost hits you but does no damage.
You closely miss Essalna's ghost. Your bite misses Essalna's ghost.
Essalna's ghost is lightly damaged.
Essalna's ghost gestures at you while chanting.
The blast of sand hits you!
You hit Essalna's ghost. You burn Essalna's ghost.
Essalna's ghost is lightly damaged.
Essalna's ghost points at you and mumbles some strange words.
The wall shatters!
The blast of rock fragments hits you!!!
Ouch! That really hurt!
* * * LOW HITPOINT WARNING * * *
You are too injured to fight recklessly!
You feel very mighty all of a sudden. Essalna's ghost hits you!
* * * LOW HITPOINT WARNING * * *
x2 You puncture Essalna's ghost!
You burn Essalna's ghost.
Essalna's ghost is moderately damaged.
Essalna's ghost gestures at you while chanting.
The wall shatters!
The blast of rock fragments hits you!!
You die...

##.#### #.<...####### ###### #..#
#######[P⌠P|## #... ##'#####
##8.....8## ###.##
.......########........)# #.....
.......'......#P.......P# ###.##
.......########⌠?......⌠####...#.
.......# #P.......P#....####
.......# ###'''#######.#...
.......# #@WW....# #.#.##
.......# ####.#### #.#.#.
.......# #.# #.#.#. ######## #.#
#...#. #.# #####) #.# #..).. #.#
###### #.# ###... ########'##
#.....


You could see Essalna's ghost and Ocherednoy's ghost.

Vanquished Creatures
  The ghost of walterwhite the Chopper, a novice DDFi (D:6)
  Pikel (D:6)
  The ghost of ohados the Changer, a novice OpTm of Okawaru (D:7)
  Joseph (D:7)
  2 gargoyles (D:10)
  A troll (D:9)
  A hippogriff (D:10)
  2 wyverns
  A shadow (D:7)
  A vampire (D:10)
  9 yaks (D:9)
  A hungry ghost (D:9)
  An acid dragon (D:8)
  4 orc warriors
  5 phantoms
  A sky beast (D:9)
  A black bear (D:8)
  A slave (D:6)
  Purgy (Sewer)
  3 ice beasts
  6 ogres
  7 centaurs
  3 crocodiles (D:8)
  Blork the orc (D:4)
  6 bullfrogs
  A wyvern zombie (D:6)
  2 scorpions
  5 wights (D:9)
  3 howler monkeys
  A centaur zombie (D:7)
  A crimson imp (D:5)
  5 hounds
  2 jellies
  13 orc priests
  A bullfrog skeleton (D:9)
  2 centaur skeletons
  3 iguanas
  12 orc wizards
  5 worker ants
  2 hound skeletons
  9 adders
  9 gnolls
  A shadow imp (D:7)
  3 adder zombies
  2 worms
  2 dart slugs
  5 leopard geckos
  59 orcs
  6 bats
  4 giant cockroaches
  6 goblins
  7 hobgoblins
  10 jackals
  4 quokkas
  4 ball pythons
  A ball python skeleton (D:2)
  8 frilled lizards
  8 kobolds
  2 quokka skeletons
  9 rats
279 creatures vanquished.

Vanquished Creatures (others)
  An orc priest (D:6)
1 creature vanquished.

Grand Total: 280 creatures vanquished

Notes
Turn   | Place    | Note
-------+----------+-------------------------------------------
     0 | D:1      | ICC the Vine Stalker Fighter began the quest for the Orb.
     0 | D:1      | Reached XP level 1. HP: 11/11 MP: 2/2
   347 | D:1      | Reached skill level 1 in Spellcasting
   347 | D:1      | Reached XP level 2. HP: 13/16 MP: 4/4
   376 | D:1      | Reached skill level 2 in Long Blades
   532 | D:1      | Reached XP level 3. HP: 4/20 MP: 1/6
   853 | D:2      | Found a glowing silver altar of Zin.
   895 | D:2      | Gained mutation: Your natural rate of healing is unusually
                  | fast. [Vine Stalker growth]
   895 | D:2      | Reached XP level 4. HP: 12/24 MP: 4/8
  1362 | D:3      | Found a glowing drain.
  1378 | Sewer    | Entered a sewer
  1458 | Sewer    | Noticed Purgy
  1463 | Sewer    | Killed Purgy
  1463 | Sewer    | Reached skill level 3 in Long Blades
  1463 | Sewer    | Reached XP level 5. HP: 25/28 MP: 9/11
  1611 | D:3      | Reached XP level 6. HP: 25/32 MP: 11/13
  1732 | D:3      | Reached skill level 5 in Spellcasting
  1787 | D:3      | Found a glowing golden altar of the Shining One.
  2321 | D:4      | Found an opulent altar of Gozag.
  2321 | D:4      | Found a sparkling altar of Nemelex Xobeh.
  2344 | D:4      | Reached skill level 4 in Long Blades
  2344 | D:4      | Reached XP level 7. HP: 21/36 MP: 10/16
  2583 | D:4      | Noticed Blork the orc
  2589 | D:4      | Killed Blork the orc
  2675 | D:4      | Found a shimmering blue altar of Sif Muna.
  2930 | D:5      | Entered Level 5 of the Dungeon
  2943 | D:5      | Gained mutation: You have razor-sharp teeth. [Vine Stalker
                  | growth]
  2943 | D:5      | Reached XP level 8. HP: 36/40 MP: 17/19
  2947 | D:5      | Reached skill level 5 in Long Blades
  2977 | D:5      | Found Qemnui's Assorted Antiques.
  2985 | D:5      | Bought a scroll labeled UNUFA OSYHEOTT for 27 gold pieces
  2985 | D:5      | Bought a scroll labeled DETEZONNOMM for 27 gold pieces
  2985 | D:5      | Bought a scroll labeled GINTAN URYT for 27 gold pieces
  3270 | D:5      | You fall into a shaft and drop 2 floors!
  3306 | D:7      | Found a sacrificial altar of Ru.
  3311 | D:7      | Found a runed translucent gate.
  3313 | D:7      | Found a runed translucent gate.
  3313 | D:7      | Found an opulent altar of Gozag.
  3314 | D:7      | Found a runed translucent gate.
  3315 | D:7      | Noticed ohados's ghost (novice OpTm)
  3316 | D:7      | Noticed a shadow
  3466 | D:5      | Reached skill level 6 in Long Blades
  3479 | D:5      | Found a sparkling altar of Nemelex Xobeh.
  3501 | D:5      | Reached skill level 1 in Dodging
  3553 | D:6      | Found a hide-covered altar of Uskayaw.
  3586 | D:6      | Noticed Pikel
  3603 | D:6      | Killed Pikel
  3603 | D:6      | Reached XP level 9. HP: 20/45 MP: 15/22
  3636 | D:6      | Found a staircase to the Ecumenical Temple.
  3663 | Temple   | Entered the Ecumenical Temple
  3694 | Temple   | Became a worshipper of the Wu Jian Council
  3813 | D:6      | Got an ichor-stained kite shield
  3818 | D:6      | Identified the +1 kite shield of the Gloaming {*Contam
                  | MR++} (You found it on level 6 of the Dungeon)
  3849 | D:6      | Found a runed translucent gate.
  3850 | D:6      | Found a runed translucent gate.
  3851 | D:6      | Found a runed translucent gate.
  3852 | D:6      | Noticed walterwhite's ghost (novice DDFi)
  3896 | D:6      | Killed walterwhite's ghost
  3896 | D:6      | Reached skill level 7 in Long Blades
  4039 | D:6      | Found a blossoming altar of Fedhas.
  4040 | D:6      | Found an ancient bone altar of Kikubaaqudgha.
  4135 | D:7      | Noticed Joseph
  4141 | D:7      | Killed ohados's ghost
  4147 | D:7      | Reached XP level 10. HP: 49/49 MP: 20/23
  4165 | D:7      | Killed Joseph
  4291 | D:7      | Reached skill level 8 in Long Blades
  4633 | D:7      | Found a burning altar of Makhleb.
  4984 | D:8      | Reached * piety under Wu Jian
  4984 | D:8      | Reached skill level 5 in Shields
  5059 | D:8      | Found an iron altar of Okawaru.
  5522 | D:8      | Reached skill level 9 in Long Blades
  5533 | D:8      | Found a staircase to the Lair.
  5901 | D:9      | Found a shadowy altar of Dithmenos.
  5911 | D:9      | Reached ** piety under Wu Jian
  5994 | D:9      | Reached skill level 1 in Short Blades
  6052 | D:9      | Reached XP level 11. HP: 47/53 MP: 19/24
  6081 | D:9      | Got a dazzling rapier
  6081 | D:9      | Identified the +7 rapier "Xytorcham" {flame, +Blink rF+++
                  | rC+ SInv} (You found it on level 9 of the Dungeon)
  6257 | D:9      | Reached *** piety under Wu Jian
  6635 | D:10     | Entered Level 10 of the Dungeon
  6869 | D:10     | Reached skill level 5 in Short Blades
  7004 | D:10     | Found a runed translucent gate.
  7004 | D:10     | Found a runed translucent gate.
  7004 | D:10     | Found a runed translucent gate.
  7008 | D:10     | Noticed Essalna's ghost (journeyman GrEE)
  7008 | D:10     | Noticed Ocherednoy's ghost (journeyman MiFi)
  7024 | D:10     | HP: 1/53 [Essalna's ghost (2)]
  7025 | D:10     | Killed from afar by Essalna's ghost

Illustrated notes

Levels and vault maps discovered:
D:1:      minmay_arrival_stone_box, layout_loops_corners,
          kennysheep_decorative_pillar, dk_noncrumbling_3,
          hangedman_feature_mirror, minmay_strange_pillars
D:2:      layout_basic, zin_academy
D:3:      layout_loops_ring, nicolae_overflow_crystal_walls, first_ration,
          cheibrodos_sewer_entry_drain
D:4:      layout_loops_ring, grunt_temple_overflow_opulence, led_sif_pool,
          uniq_blork_the_orc
D:5:      layout_rooms, serial_shops, shop, nemelex_diamond_rough_becter
D:6:      layout_rooms, grunt_temple_overflow_growth_and_decay,
          overflow_temple_1_default, minmay_temple_entry_waves,
          ebering_ghost_rock_garden, uniq_pikel
D:7:      layout_gridville, makhleb_heckhound_becter, ebering_ghost_gozag,
          basic_altar, small_statue_intersection, uniq_joseph
D:8:      layout_loops_ring, kennysheep_okawaru_gauntlet, erik_lair_dragon
D:9:      layout_gridville, grunt_dithmenos_smoke
D:10:     layout_roguey, gammafunk_ghost_cemetery
Temple:   minmay_temple_bridge_abc

Skill      XL: |  1  2  3  4  5  6  7  8  9 10 11 |
---------------+----------------------------------+-----
Spellcasting   | 1 2 3 4 5 7 8 |  8.0
Long Blades    | 2 3 4 6 7 9 |  9.1
Fighting       | 3 4 |  4.0
Dodging        | 1 3 4 |  4.0
Armour         | 3 4 |  4.0
Shields        | 4 7 8 |  8.4
Short Blades   | 2 5 |  5.3

Action                   |  1- 3 |  4- 6 |  7- 9 | 10-12 || total
-------------------------+-------+-------+-------+-------++-------
Melee: Long sword        |    50 |   112 |   165 |    93 ||   420
       Bite              |    11 |    40 |   112 |   183 ||   346
       Dagger            |       |       |    29 |       ||    29
       Short sword       |       |       |    62 |   222 ||   284
       Rapier            |       |       |       |   179 ||   179
Throw: Throwing net      |       |       |     1 |       ||     1
Invok: Lunge             |       |       |     1 |    36 ||    37
       Whirlwind         |       |       |       |   101 ||   101
 Abil: Wall Jump         |       |       |       |     1 ||     1
Evoke: Wand              |       |     4 |     9 |     3 ||    16
  Use: Potion            |     1 |     6 |       |     2 ||     9
       Scroll            |       |       |       |    11 ||    11
 Stab: Sleeping          |       |     5 |       |       ||     5
       Invisible         |       |     1 |       |       ||     1
       Held in net/web   |       |       |     1 |       ||     1
  Eat: Chunk             |       |     5 |     6 |     8 ||    19
       Ration            |       |       |       |     1 ||     1
Armor: Scale mail        |    33 |    46 |    41 |       ||   120
       Chain mail        |       |       |    57 |    95 ||   152
Dodge: Dodged            |    31 |    77 |   113 |    87 ||   308
Block: Kite shield       |       |       |    25 |   161 ||   186
       Rpst.: Long sword |     6 |    21 |    32 |    10 ||    69

Table legend:
 A = Non-vault XP
 B = Vault XP
 C = Vault XP percentage of total XP
 D = Non-vault monster count
 E = Vault monster count
 F = Vault count percentage of total count
                 A         B        C        D         E       F
            +---------+---------+-------+---------+---------+-------
      Total |   10578 |    3568 |  25.2 |     248 |      30 |  10.8
            +---------+---------+-------+---------+---------+-------
        D:1 |      33 |       2 |   5.7 |      12 |       2 |  14.3
        D:2 |      81 |       0 |   0.0 |      18 |       0 |   0.0
        D:3 |     289 |       3 |   1.0 |      34 |       2 |   5.6
        D:4 |     475 |      99 |  17.2 |      23 |       1 |   4.2
        D:5 |    1044 |       0 |   0.0 |      32 |       0 |   0.0
        D:6 |     423 |    1305 |  75.5 |      12 |       2 |  14.3
        D:7 |     461 |    1341 |  74.4 |      20 |       7 |  25.9
        D:8 |    1578 |     684 |  30.2 |      29 |       7 |  19.4
        D:9 |    4216 |       0 |   0.0 |      50 |       0 |   0.0
       D:10 |    1978 |       0 |   0.0 |      18 |       0 |   0.0
      Sewer |       0 |     134 | 100.0 |       0 |       9 | 100.0
            +---------+---------+-------+---------+---------+-------
